 Dungeon Crawl Stone Soup version 0.28.0-47-ge53b351184 (webtiles) character file.

Game seed: 16968312915671002061

131 pkoi the Digger (level 4, -2/33 HPs)
             Began as a Demigod Earth Elementalist on May 7, 2022.
             Slain by a goblin
             ... wielding a +0 club
             ... led by Robin
              (5 damage)
             ... on level 3 of the Dungeon.
             The game lasted 00:04:21 (2931 turns).

pkoi the Digger (Demigod Earth Elementalist)        Turns: 2931, Time: 00:04:22

Health: -2/33      AC:  4    Str:  9    XL:     4   Next: 61%
Magic:  2/10       EV: 12    Int: 21    God:
Gold:   31         SH:  0    Dex: 14    Spells: 1/7 levels left

rFire   . . .      SeeInvis .   p - +2 dagger (elec)
rCold   . . .      Faith    .   (no shield)
rNeg    . . .      Spirit   .   b - +0 robe
rPois   .          Reflect  .   a - +0 helmet
rElec   .          Harm     .   d - +0 cloak
rCorr   .          Rampage  .   (no gloves)
Will    .....                   (no boots)
Stlth   ++........              (no amulet)
HPRegen 0.11/turn               (no ring)
MPRegen 0.12/turn               (no ring)

@: no status effects
A: high MP 1, forlorn, divine attributes
a: no special abilities


You were on level 3 of the Dungeon.
You visited 1 branch of the dungeon, and saw 3 of its levels.

You collected 31 gold pieces.

Inventory:

Hand Weapons
 e - a +0 club
 f - a +0 vorpal mace
 n - a +1 dagger of electrocution
 p - a +2 dagger of electrocution (weapon)
Missiles
 c - 44 stones
Armour
 a - a +0 helmet (worn)
 b - a +0 robe (worn)
 d - a +0 cloak (worn)
Jewellery
 s - an amulet of magic regeneration
Scrolls
 k - a scroll of teleportation {unknown}
 l - a scroll of identify {unknown}
 m - a scroll of amnesia {unknown}
 o - a scroll of immolation {unknown}
 q - a scroll of blinking {unknown}
 r - a scroll of magic mapping {unknown}
Potions
 g - a potion of attraction {unknown}
 h - 2 potions of lignification {unknown}
 i - a potion of degeneration {unknown}
 j - a potion of heal wounds {unknown}


   Skills:
 - Level 1.7 Dodging
 - Level 1.7 Stealth
 + Level 2.4 Spellcasting
 + Level 0.3 Conjurations
 * Level 2.7 Transmutations
 * Level 3.8 Earth Magic


You had one spell level left.
You knew the following spells:

 Your Spells              Type           Power      Damage    Failure   Level
a - Sandblast             Erth           36%        2d10      3%          1
b - Passwall              Tmut/Erth      13%        N/A       5%          2
c - Stone Arrow           Conj/Erth      22%        3d8       19%         3

Your spell library contained the following spells:

 Spells                   Type           Power      Damage    Failure   Level
 Petrify                  Tmut/Erth      16%        N/A       36%         4


Dungeon Overview and Level Annotations

Branches:
Dungeon (3/15)


Innate Abilities, Weirdness & Mutations

You have an increased reservoir of magic. (+10% MP)
You shall have no god before yourself.
Your divine heritage dramatically boosts your attributes as you level up.


Message History

Aim: Robin, wielding a +0 club, wearing a +0 animal skin and wearing a +0 helmet (severely wounded, 85% to hit)
The blast of sand hits the goblin!
You kill the goblin!
The hobgoblin no longer looks unusually strong.
The goblin hits you but does no damage.
Aiming: Sandblast (safe; 3% risk of failure)
Press: ? - help, Q - select action, (/) - cycle Shift-Dir - straight line, f/p - Robin
Aim: Robin, wielding a +0 club, wearing a +0 animal skin and wearing a +0 helmet (severely wounded, 85% to hit)
The blast of sand hits Robin but does no damage.
Robin is severely wounded.
The goblin hits you with a +0 club.
* * * LOW HITPOINT WARNING * * *
Robin closely misses you.
Aiming: Sandblast (safe; 3% risk of failure)
Press: ? - help, Q - select action, (/) - cycle Shift-Dir - straight line, f/p - Robin
Aim: Robin, wielding a +0 club, wearing a +0 animal skin and wearing a +0 helmet (severely wounded, 85% to hit)
The blast of sand hits Robin.
Robin is almost dead.
The goblin barely misses you.
Robin roars a battlecry!
The goblins go into a battle-frenzy!
Aiming: Sandblast (safe; 3% risk of failure)
Press: ? - help, Q - select action, (/) - cycle Shift-Dir - straight line, f/p - Robin
Aim: Robin, wielding a +0 club, wearing a +0 animal skin and wearing a +0 helmet (almost dead, 85% to hit)
The blast of sand hits Robin!
You kill Robin!
The goblin barely misses you.
You closely miss the hobgoblin. The goblin barely misses you.
The hobgoblin hits you but does no damage.
You barely miss the hobgoblin. The goblin hits you with a +0 club.
* * * LOW HITPOINT WARNING * * *
The hobgoblin hits you.
* * * LOW HITPOINT WARNING * * *
Aiming: Sandblast (safe; 3% risk of failure)
Press: ? - help, Q - select action, (/) - cycle Shift-Dir - straight line, f - hobgoblin
Aim: a hobgoblin (strong, 79% to hit)
The blast of sand hits the hobgoblin!
You kill the hobgoblin!
The goblin hits you with a +0 club.
You die...

.......<)..........#######
###.......##..............
#............).##.##.###
#.##...........)...#.# #
####.###....##..#.# #.#
#.#####..#.# #.# #.#
#..#.####### #.#
#.#####g.#........
#..)@ggg.#.###
#..#####.....# ### ## #..
##.....#.... ...# ≈≈≈≈
##...........
#..#g≈####.##g.g......##.
#... #8.#≈g..........#
#..$≈#≈≈####..g......#
#...≈#≈≈≈≈≈##.....####
#...g≈≈gg.g.≈≈##..#


You could see a hobgoblin (strong) and 3 goblins.

Vanquished Creatures
  Natasha (D:2)
  Robin (D:3)
  3 gnolls (D:2)
  An ufetubus (D:3)
  3 dart slugs
  3 endoplasms
  11 goblins
  7 hobgoblins
  3 jackals (D:1)
  9 kobolds
  2 quokkas (D:1)
  4 ball pythons
  3 frilled lizards (D:1)
  4 rats
  A spectral hobgoblin (D:3)
56 creatures vanquished.

Vanquished Creatures (others)
  A plant (D:3)
1 creature vanquished.

Grand Total: 57 creatures vanquished

Notes
Turn   | Place    | Note
-------+----------+-------------------------------------------
     0 | D:1      | pkoi the Demigod Earth Elementalist began the quest for the
                  | Orb.
     0 | D:1      | Reached XP level 1. HP: 14/14 MP: 5/5
    67 | D:1      | Reached skill level 1 in Transmutations
   645 | D:1      | Reached skill level 3 in Earth Magic
   645 | D:1      | Reached XP level 2. HP: 20/20 MP: 5/7
  1472 | D:1      | Reached XP level 3. HP: 19/26 MP: 8/8
  2634 | D:2      | Reached XP level 4. HP: 30/33 MP: 10/10
  2704 | D:2      | Noticed Natasha
  2713 | D:2      | Killed Natasha
  2819 | D:2      | Learned a level 2 spell: Passwall
  2823 | D:2      | Learned a level 3 spell: Stone Arrow
  2913 | D:3      | Noticed Robin
  2928 | D:3      | Killed Robin
  2931 | D:3      | Slain by a goblin

Illustrated notes

Levels and vault maps discovered:
D:1:      zelgadis_glass_arrival_large, layout_basic, corexii_leaking_fountain,
          minivault_19, minmay_distorted
D:2:      layout_rooms, minmay_misc_feat_columns, uniq_natasha
D:3:      cheibrodos_old_hovel, layout_loops_ring,
          dreamdust_ecumenical_altar_drowned_temple, uniq_grinder, uniq_robin

Skill      XL: |  1  2  3 |
---------------+----------+-----
Transmutations | 1 2 |  2.7
Earth Magic    | 3 |  3.8
Spellcasting   | 2 |  2.4
Dodging        | |  1.7
Stealth        | |  1.7
Conjurations   | |  0.3

Action                   |  1- 3 |  4- 6 || total
-------------------------+-------+-------++-------
Melee: Mace              |    31 |       ||    31
       Dagger            |    27 |    28 ||    55
       Punch             |       |     2 ||     2
 Cast: Sandblast         |    38 |    11 ||    49
Armor: Robe              |    19 |     8 ||    27
Dodge: Dodged            |    47 |    34 ||    81
